 Dungeon Crawl Stone Soup version 0.19-a0-1886-gd64a0f0 (webtiles) character file.

3861 xeno23 the Fighter (level 10, -1/90 HPs)
             Began as a Ghoul Necromancer on Oct 15, 2016.
             Was a Believer of Kikubaaqudgha.
             Slain by a draconian simulacrum (6 damage)
             ... in an ice cave.
             The game lasted 01:05:00 (9158 turns).

xeno23 the Fighter (Ghoul Necromancer)              Turns: 9158, Time: 01:05:01

Health: -1/90      AC:  8    Str: 16    XL:     10   Next: 18%
Magic:  2/13       EV: 11    Int: 10    God:    Kikubaaqudgha [**....]
Gold:   739        SH:  3    Dex:  9    Spells: 7 memorised, 1 level left

rFire  . . .     SeeInvis .     q - +1 mace (protect)
rCold  + + .     Gourm    .     r - +0 scale mail
rNeg   + + +     Faith    .     (no shield)
rPois  ∞         Spirit   .     (no helmet)
rElec  .         Dismiss  .     g - +0 cloak
rCorr  .         Reflect  +     (no gloves)
MR     .....     Harm     .     (no boots)
Stlth  ..........               N - +3 amulet of reflection
                                s - ring of protection from cold
                                u - ring of wizardry

@: rotting
A: rotting body, claws 1, carnivore 3, cold resistance 1, negative energy
resistance 3, slow regeneration 1, torment resistance, unbreathing
a: Receive Corpses, Renounce Religion


You were in an ice cave.
You worshipped Kikubaaqudgha.
Kikubaaqudgha was pleased with you.
You were not hungry.

You visited 3 branches of the dungeon, and saw 10 of its levels.
You also visited: Ossuary and Ice Cave.

You collected 739 gold pieces.

Inventory:

Hand Weapons
 q - a +1 mace of protection (weapon)
 O - a +2 rapier of venom
 Q - a +0 blowgun
Missiles
 k - 37 poisoned needles
 m - 14 tomahawks (quivered)
 t - 6 poisoned javelins
 w - 4 needles of confusion
 I - 2 needles of sleeping
Armour
 g - a +0 cloak (worn)
 r - a +0 scale mail (worn)
Jewellery
 s - a ring of protection from cold (right claw)
 u - a ring of wizardry (left claw)
 y - an uncursed ring of protection from fire
 N - a +3 amulet of reflection (around neck)
Wands
 n - a wand of digging (6/24)
 D - a wand of digging (15/24)
 M - a wand of paralysis (14/24)
 S - a wand of flame (25/48)
Scrolls
 d - a scroll of enchant weapon
 e - 2 scrolls of recharging {unknown}
 f - 4 scrolls of teleportation
 h - a scroll of identify
 l - a scroll of noise
 o - 3 scrolls of remove curse
 A - 3 scrolls of fear
 B - 2 scrolls of magic mapping
 C - a scroll of immolation {unknown}
 H - 2 scrolls of fog
Potions
 a - 2 potions of heal wounds
 j - a potion of ambrosia
 p - a potion of curing
 v - 4 potions of might
 x - a potion of brilliance
 z - 2 potions of magic
 F - a potion of agility
 P - a potion of cancellation
 R - a potion of flight
Books
 b - a book of Necromancy

   Spells                             Type                      Level
   a - Pain                           Necromancy                   1
   b - Animate Skeleton               Necromancy                   1
   c - Vampiric Draining              Necromancy                   3
   d - Regeneration                   Charms/Necromancy            3
   e - Animate Dead                   Necromancy                   4
   f - Control Undead                 Necromancy                   4
 i - a book of Battle

   Spells                             Type                      Level
   a - Infusion                       Charms                       1
   b - Shroud of Golubria             Charms/Translocation         2
   c - Song of Slaying                Charms                       2
   d - Spectral Weapon                Hexes/Charms                 3
   e - Regeneration                   Charms/Necromancy            3
 K - Kikubaaqudgha's Catalogue of Stolen Souls
   (Kikubaaqudgha gifted it to you on level 5 of the Dungeon)

   Spells                             Type                      Level
   a - Animate Skeleton               Necromancy                   1
   b - Pain                           Necromancy                   1
   c - Corpse Rot                     Necromancy                   2
   d - Vampiric Draining              Necromancy                   3
   e - Control Undead                 Necromancy                   4
Comestibles
 c - 5 meat rations
 J - 3 beef jerkies


   Skills:
 + Level 8.4 Fighting
 * Level 4.4 Short Blades
 + Level 4.1 Armour
 + Level 4.8 Dodging
 - Level 2.1 Stealth
 - Level 3.0 Spellcasting
 + Level 5.4 Charms
 - Level 6.0 Necromancy
 + Level 1.5 Translocations


You had one spell level left.
You knew the following spells:

 Your Spells              Type           Power        Failure   Level  Hunger
a - Pain                  Necr           ##..         4%          1    #......
b - Animate Skeleton      Necr           N/A          4%          1    #......
d - Corpse Rot            Necr           N/A          6%          2    ###....
e - Regeneration          Chrm/Necr      ##........   12%         3    ###....
g - Blink                 Tloc           N/A          50%         2    ###....
r - Repel Missiles        Chrm/Air       #.....       30%         2    ###....
s - Vampiric Draining     Necr           ##........   12%         3    ###....


Dungeon Overview and Level Annotations

Branches:
Dungeon (8/15)             Temple (1/1) D:5            Lair (1/6) D:8

Altars:
Ashenzari
Cheibriados
Dithmenos
Elyvilon
Fedhas
Gozag
Hepliaklqana
Kikubaaqudgha
Makhleb
Nemelex Xobeh
Okawaru
Ru
Sif Muna
Trog
Uskayaw
Vehumet
Xom
Yredelemnul
Zin
The Shining One

Shops:
D:4 (


Innate Abilities, Weirdness & Mutations

Your body is rotting away.
You thrive on raw meat.
You are immune to poison.
You have sharp fingernails.
You are carnivorous and can eat meat at any time.
Your flesh is cold resistant. (rC+)
You are immune to negative energy. (rN+++)
You regenerate slowly when monsters are visible.
You are immune to unholy pain and torment.
You can survive without breathing.


Message History

The troll simulacrum freezes you. You resist.
* * * LOW HITPOINT WARNING * * *
The troll simulacrum barely misses you. The centaur simulacrum hits you.
* * * LOW HITPOINT WARNING * * *
The centaur simulacrum freezes you. You resist.
* * * LOW HITPOINT WARNING * * *
The white imp barely misses you.
Found an ancient bone altar of Kikubaaqudgha.
A white imp, 3 freezing wraiths and 9 simulacra come into view.
You take 10 damage.
The white imp gestures at you. The puff of frost misses you.
Press: ? - help, v - describe, . - travel
Here: an ogre simulacrum The floor.
The draconian simulacrum hits you.
* * * LOW HITPOINT WARNING * * *
The draconian simulacrum freezes you. You resist.
You die...
Kikubaaqudgha rasps: "You have failed me!
Welcome... oblivion!"

###...
####.#....
##.......#
#....5...#
#855W5Z8#
#.ZZZW..#
#.Z_..5.#
#5Z5W...#
#8@ZZ..8#
#..Z...##
##.....#
##...##
##+##


You could see 3 freezing wraiths, 7 white imps, a naga simulacrum, 2 centaur
simulacra, 3 ogre simulacra, a troll simulacrum and 2 draconian simulacra.

Vanquished Creatures
  A spiny frog (Lair:1)
  A two-headed ogre (D:8)
  Grinder (D:6)
  A hippogriff (D:8)
  Eustachio (D:6)
  3 ice beasts
  A sky beast (D:6)
  2 ogres
  4 wolves (Lair:1)
  3 centaurs
  A crocodile (D:8)
  9 big kobolds
  2 bullfrogs
  4 scorpions
  An electric eel (D:8)
  A crimson imp (D:5)
  A hound (D:6)
  An orc priest (D:6)
  A jelly (D:8)
  Crazy Yiuf (D:2)
  A bullfrog skeleton (D:5)
  Ijyb (D:3)
  An iguana (D:5)
  3 worker ants
  2 orc wizards
  A killer bee zombie (D:7)
  A wolf simulacrum (IceCv)
  A howler monkey zombie (D:8)
  A worker ant zombie (D:5)
  10 adders
  3 gnolls
  2 shadow imps
  2 white imps (Lair:1)
  An ooze (D:2)
  2 adder zombies (Ossuary)
  An adder skeleton (D:8)
  3 worms
  2 leopard geckos
  16 orcs
  3 ball pythons
  11 giant cockroaches
  9 goblins
  8 hobgoblins
  10 jackals
  3 quokkas
  8 bats
  9 frilled lizards
  A gnoll zombie (Ossuary)
  A goblin zombie (Ossuary)
  A hobgoblin zombie (Ossuary)
  55 kobolds
  2 kobold zombies (Ossuary)
  A leopard gecko skeleton (D:4)
  A quokka zombie (D:5)
  7 rats
  5 rat zombies (Ossuary)
229 creatures vanquished.

Vanquished Creatures (others)
  2 plants (Lair:1)
2 creatures vanquished.

Grand Total: 231 creatures vanquished

Notes
Turn   | Place    | Note
-------+----------+-------------------------------------------
     0 | D:1      | xeno23 the Ghoul Necromancer began the quest for the Orb.
     0 | D:1      | Reached XP level 1. HP: 14/14 MP: 2/2
   188 | D:1      | Reached XP level 2. HP: 5/22 MP: 0/3
   336 | D:1      | Reached skill level 1 in Fighting
   372 | D:1      | Reached XP level 3. HP: 28/28 MP: 1/4
   451 | D:1      | Learned a level 3 spell: Regeneration
   453 | D:1      | Learned a level 1 spell: Animate Skeleton
  1100 | D:2      | Found a runed door.
  1110 | D:2      | Noticed Crazy Yiuf
  1115 | D:2      | HP: 1/28 [Crazy Yiuf/quarterstaff of chaos (12)]
  1327 | D:2      | Killed Crazy Yiuf
  1327 | D:2      | Reached skill level 2 in Fighting
  1327 | D:2      | Reached XP level 4. HP: 35/35 MP: 0/6
  1439 | D:2      | Reached skill level 5 in Necromancy
  1879 | D:3      | Reached XP level 5. HP: 17/42 MP: 0/7
  2409 | D:3      | Noticed Ijyb
  2429 | D:3      | Killed Ijyb
  2429 | D:3      | Reached skill level 1 in Charms
  2438 | D:3      | Found a snail-covered altar of Cheibriados.
  2439 | D:3      | Found an opulent altar of Gozag.
  2689 | D:3      | Found a glowing golden altar of the Shining One.
  2888 | D:4      | Noticed an ogre
  2896 | D:5      | Entered Level 5 of the Dungeon
  3174 | D:4      | Found a sand-covered staircase.
  3182 | Ossuary  | Entered an ossuary
  3182 | Ossuary  | Noticed Enish's ghost (amateur TeAK)
  3303 | Ossuary  | Reached skill level 3 in Fighting
  3335 | D:4      | Reached XP level 6. HP: 33/49 MP: 4/9
  3528 | D:4      | Found Kaanaxaun's Weapon Emporium.
  4136 | D:5      | Reached XP level 7. HP: 23/57 MP: 10/10
  4369 | D:5      | Found a staircase to the Ecumenical Temple.
  4423 | Temple   | Entered the Ecumenical Temple
  4506 | Temple   | Became a worshipper of Kikubaaqudgha
  4531 | D:5      | Reached skill level 4 in Fighting
  4802 | D:5      | Reached * piety under Kikubaaqudgha
  4802 | D:5      | Identified Kikubaaqudgha's Catalogue of Stolen Souls (Kikubaaqudgha gifted it to you on level 5 of the Dungeon)
  4802 | D:5      | Received a gift from Kikubaaqudgha
  4818 | D:5      | Learned a level 2 spell: Corpse Rot
  4894 | D:5      | Reached skill level 5 in Fighting
  5197 | D:4      | Reached XP level 8. HP: 25/69 MP: 1/11
  5545 | D:5      | Reached skill level 6 in Fighting
  5970 | D:5      | Reached ** piety under Kikubaaqudgha
  6113 | D:5      | Reached skill level 1 in Armour
  6235 | D:5      | Found a deep blue altar of Sif Muna.
  6242 | D:5      | Found a sacrificial altar of Ru.
  6246 | D:5      | Found a bloodstained altar of Trog.
  6717 | D:6      | Found a bloodstained altar of Trog.
  6721 | D:6      | Noticed Eustachio
  6760 | D:5      | Reached skill level 7 in Fighting
  6810 | D:5      | Learned a level 3 spell: Vampiric Draining
  6819 | D:6      | Found a basalt altar of Yredelemnul.
  6887 | D:6      | Noticed Grinder
  6965 | D:6      | Killed Eustachio
  6965 | D:6      | Reached XP level 9. HP: 77/79 MP: 7/12
  7129 | D:6      | Reached skill level 1 in Short Blades
  7153 | D:6      | Paralysed by Grinder for 3 turns
  7170 | D:6      | Paralysed by Grinder for 7 turns
  7184 | D:6      | Paralysed by Grinder for 7 turns
  7209 | D:6      | Paralysed by Grinder for 4 turns
  7215 | D:6      | Paralysed by Grinder for 2 turns
  7231 | D:6      | Killed Grinder
  7407 | D:7      | Found a sparkling altar of Nemelex Xobeh.
  7626 | D:7      | Found a burning altar of Makhleb.
  8063 | D:8      | Noticed a two-headed ogre
  8079 | D:8      | Killed a two-headed ogre
  8079 | D:8      | Reached skill level 8 in Fighting
  8089 | D:8      | Found a hazy altar of Hepliaklqana.
  8159 | D:8      | Reached skill level 5 in Charms
  8174 | D:8      | Learned a level 2 spell: Repel Missiles
  8177 | D:8      | Learned a level 2 spell: Blink
  8490 | D:8      | Found a staircase to the Lair.
  8877 | D:8      | Reached skill level 1 in Translocations
  9003 | Lair:1   | Entered Level 1 of the Lair of Beasts
  9045 | Lair:1   | Reached XP level 10. HP: 61/88 MP: 9/13
  9060 | Lair:1   | Noticed a spiny frog
  9078 | Lair:1   | Killed a spiny frog
  9117 | Lair:1   | Found a frozen archway.
  9149 | IceCv    | Entered an ice cave
  9156 | IceCv    | Found an ancient bone altar of Kikubaaqudgha.
  9158 | IceCv    | Slain by a draconian simulacrum

Vault maps used:
D:1:      minmay_arrival_semitransparent, minmay_pentomino_s2
D:2:      first_bread, uniq_crazy_yiuf_cottage
D:3:      marbit_many_paths, gammafunk_temple_overflow_statue, uniq_iyjb
D:4:      serial_shops, shop, lightli_ossuary_entry_decrepit_ruins, st_stairs_11
D:5:      minmay_goblin_kobold_castle, minmay_overflow_temple_star_quad
D:6:      yredelemnul_altar_generic, basic_altar, uniq_eustachio, uniq_grinder
D:7:      overflow_temple_1_default, nemelex_xobeh_ov_fountains_minmay
D:8:      cheibrodos_helix_gallery, lemuel_crystal_altar, lair_0_dummy
Temple:   eino_temple_lava
Lair:1:   beast_lair_carwin_large_4, portal_ice_cave_entry_imps,
          minmay_stone_trees_small
Ossuary:  ossuary_minmay_chase
IceCv:    ice_cave_small_necro

Skill      XL: |  1  2  3  4  5  6  7  8  9 10 |
---------------+-------------------------------+-----
Fighting       | 1 2 3 5 7 8 |  8.4
Spellcasting   | 2 3 |  3.0
Necromancy     | 5 6 |  6.0
Charms         | 1 2 3 4 5 |  5.4
Dodging        | 3 4 |  4.8
Armour         | 2 3 4 |  4.1
Short Blades   | 4 |  4.4
Translocations | 1 |  1.5
Stealth        | |  2.1

Action                   |  1- 3 |  4- 6 |  7- 9 | 10-12 || total
-------------------------+-------+-------+-------+-------++-------
Melee: Unarmed           |    14 |       |       |       ||    14
       Short sword       |    30 |    42 |       |       ||    72
       Hand axe          |       |    74 |       |       ||    74
       Mace              |       |    96 |   627 |    11 ||   734
       Rapier            |       |       |   141 |    22 ||   163
Throw: Tomahawk          |       |       |     3 |       ||     3
 Cast: Pain              |    37 |    76 |    58 |       ||   171
       Regeneration      |       |    14 |    53 |     3 ||    70
       Corpse Rot        |       |       |     3 |     2 ||     5
       Animate Skeleton  |       |       |     3 |       ||     3
       Repel Missiles    |       |       |     2 |       ||     2
Invok: Receive Corpses   |       |       |     3 |       ||     3
Evoke: Wand              |       |       |       |     6 ||     6
  Use: Potion            |     2 |     1 |       |     1 ||     4
       Scroll            |       |     7 |    18 |     2 ||    27
 Stab: Sleeping          |     4 |     5 |     1 |       ||    10
  Eat: Chunk             |     6 |    15 |    38 |       ||    59
Armor: Robe              |    10 |    30 |       |       ||    40
       Leather armour    |       |   122 |   225 |       ||   347
       Scale mail        |       |       |   289 |    25 ||   314
Dodge: Dodged            |    38 |   284 |   617 |    34 ||   973
       Deflected         |       |       |     1 |     1 ||     2
Block: Other             |       |       |     2 |     8 ||    10
